 Dungeon Crawl Stone Soup version 0.22-a0-359-g5e80d7e (webtiles) character file.

99 Deathtrap2010 the Skirmisher (level 4, -5/35 HPs)
             Began as a Demonspawn Fighter on Apr 19, 2018.
             Killed by divine providence
             ... invoked by an orc priest
              (10 damage)
             ... on level 3 of the Dungeon.
             The game lasted 00:04:08 (1976 turns).

Deathtrap2010 the Skirmisher (Demonspawn Fighter)   Turns: 1976, Time: 00:04:08

Health: -5/35      AC:  6    Str: 17    XL:     4   Next: 45%
Magic:  4/4        EV:  7    Int:  9    God:
Gold:   128        SH:  9    Dex: 13    Spells: 3/3 levels left

rFire    . . .     SeeInvis .   a - +0 war axe
rCold    . . .     Gourm    .   c - +0 shield
rNeg     . . .     Faith    .   b - +0 scale mail
rPois    .         Spirit   .   (no helmet)
rElec    .         Reflect  .   (no cloak)
rCorr    .         Harm     .   (no gloves)
MR       .....                  (no boots)
Stlth    ++........             (no amulet)
HPRegen  0.11/turn              (no ring)
MPRegen  0.09/turn              (no ring)

@: no status effects
A: nightstalker 2, spiny 1
a: no special abilities


You were on level 3 of the Dungeon.
You were not hungry.

You visited 1 branch of the dungeon, and saw 3 of its levels.

You collected 128 gold pieces.

Inventory:

Hand Weapons
 a - a +0 war axe (weapon)
Armour
 b - a +0 scale mail (worn)
 c - a +0 shield (worn)
Scrolls
 e - 2 scrolls of teleportation
 g - a scroll of identify
Potions
 d - 2 potions of might
Comestibles
 f - 4 rations


   Skills:
 * Level 3.4 Fighting
 * Level 2.9 Axes
 - Level 3.1 Armour
 * Level 0.9 Dodging
 * Level 0.8 Stealth
 * Level 3.0 Shields
 - Level 0.4 Spellcasting


You had 3 spell levels left.
You didn't know any spells.

Dungeon Overview and Level Annotations

Branches:
Dungeon (3/15)

Altars:


Innate Abilities, Weirdness & Mutations

You are significantly more attuned to the shadows.
You are partially covered in sharp spines.


Message History

The orc priest is moderately wounded.
You closely miss the kobold. You block the orc priest's attack.
You block the kobold's attack.
The orc priest is struck by your spines.
The orc priest barely misses you. The kobold is struck by your spines.
You kill the kobold!
You barely miss the orc priest.
The orc priest is heavily wounded.
The adder hisses angrily.
You hit the kobold. The kobold is struck by your spines.
You kill the kobold!
The orc priest invokes the aid of Beogh against you.
Pain shoots through your body!
* * * LOW HITPOINT WARNING * * *
You barely miss the orc priest.
The orc priest is heavily wounded.
The orc priest hits you but does no damage.
The orc priest calls down the wrath of Beogh upon you.
Beogh smites you!
You die...

###
#.################
#.................
#.################
#.# #.# ###'###
#.o@).# #.)S..#
........# .......
........# .......
........# #......
........# #......
#..... +.....
#.....


You could see an orc priest and an adder.

Vanquished Creatures
  A gnoll (D:1)
  2 adders (D:2)
  A shadow imp (D:2)
  An adder zombie (D:1)
  A worm (D:2)
  3 dart slugs
  2 leopard geckos (D:1)
  3 orcs (D:3)
  2 bats (D:1)
  6 giant cockroaches
  6 goblins
  A hobgoblin (D:2)
  5 kobolds
  A quokka (D:2)
  4 frilled lizards
  A leopard gecko zombie (D:1)
  7 rats
47 creatures vanquished.

Notes
Turn   | Place    | Note
-------+----------+-------------------------------------------
     0 | D:1      | Deathtrap2010 the Demonspawn Fighter began the quest for the Orb.
     0 | D:1      | Reached XP level 1. HP: 18/18 MP: 1/1
   301 | D:1      | Gained mutation: You are slightly more attuned to the shadows. [demonic ancestry]
   301 | D:1      | Reached XP level 2. HP: 22/24 MP: 2/2
   662 | D:1      | Gained mutation: You are significantly more attuned to the shadows. [demonic ancestry]
   662 | D:1      | Reached XP level 3. HP: 13/29 MP: 3/3
  1523 | D:2      | Gained mutation: You are partially covered in sharp spines. [demonic ancestry]
  1523 | D:2      | Reached XP level 4. HP: 21/35 MP: 4/4
  1976 | D:3      | Killed from afar by an orc priest

Vault maps used:
D:1:      saegor_arrival_fortress, serial_bayou_pond_b

Skill      XL: |  1  2  3  4 |
---------------+-------------+-----
Axes           | 2 |  2.9
Armour         | 3 |  3.1
Shields        | 3 |  3.0
Fighting       | |  3.4
Dodging        | |  0.9
Stealth        | |  0.8
Spellcasting   | |  0.4

Action                   |  1- 3 |  4- 6 || total
-------------------------+-------+-------++-------
Melee: War axe           |   136 |    25 ||   161
  Use: Scroll            |     2 |       ||     2
       Potion            |     3 |     2 ||     5
 Stab: Sleeping          |     1 |     2 ||     3
  Eat: Ration            |     1 |       ||     1
Armor: Scale mail        |    87 |     6 ||    93
Dodge: Dodged            |    48 |    10 ||    58
Block: Shield            |    65 |    15 ||    80

Table legend:
 A = Spawn XP
 B = Non-spawn XP
 C = Spawn XP percentage of total XP
 D = Spawn monster count
 E = Non-spawn monster count
 F = Spawn count percentage of total count
 G = Total turns spent on level
                    A         B        C        D         E        F      G
               +---------+---------+-------+---------+---------+-------+---------
         Total |       0 |     142 |   0.0 |       0 |      47 |   0.0 |  1976
               +---------+---------+-------+---------+---------+-------+---------
           D:1 |       0 |      51 |   0.0 |       0 |      18 |   0.0 |  1309
           D:2 |       0 |      78 |   0.0 |       0 |      23 |   0.0 |   560
           D:3 |       0 |      13 |   0.0 |       0 |       6 |   0.0 |   107
               +---------+---------+-------+---------+---------+-------+---------
